 Dungeon Crawl Stone Soup version 0.22.1-2-g9c5b331 (webtiles) character file.

34 Lilu the Sneak (level 3, 0/20 HPs)
             Began as a Deep Elf Assassin on Nov 24, 2018.
             Succumbed to an adder's poison
             ... on level 1 of the Dungeon.
             The game lasted 00:07:09 (1340 turns).

Lilu the Sneak (Deep Elf Assassin)                  Turns: 1340, Time: 00:07:10

Health: 0/20       AC:  3    Str:  9    XL:     3   Next: 14%
Magic:  5/5        EV: 13    Int: 15    God:
Gold:   51         SH:  0    Dex: 16    Spells: 2/2 levels left

rFire    . . .     SeeInvis .   a - +2 dagger
rCold    + . .     Gourm    .   (no shield)
rNeg     . . .     Faith    .   c - +0 robe
rPois    .         Spirit   .   (no helmet)
rElec    .         Reflect  .   d - +0 cloak
rCorr    .         Harm     .   (no gloves)
MR       .....     Clarity  +   (no boots) Stlth +++.......Rnd*Tele +
                                (no amulet)
HPRegen  0.06/turn              m - ring of teleportation (curse)
MPRegen  0.09/turn              (no ring)

@: lethally poisoned (0 -> -5)
A: clarity, cold resistance 1
a: no special abilities


You were on level 1 of the Dungeon.
You were not hungry.

You visited 1 branch of the dungeon, and saw 2 of its levels.

You collected 51 gold pieces.

Inventory:

Hand Weapons
 a - a +2 dagger (weapon)
 b - a +0 blowgun
 n - a +0 short sword
Missiles
 o - 5 javelins (quivered)
Armour
 c - a +0 robe (worn)
 d - a +0 cloak (worn)
 k - a +0 leather armour
Jewellery
 m - a cursed ring of teleportation (left hand)
Scrolls
 i - a scroll of teleportation {unknown}
 l - a scroll of blinking {unknown}
 q - a scroll of identify {unknown}
Comestibles
 g - 2 rations


   Skills:
 - Level 1.5 Fighting
 + Level 2.4 Short Blades
 + Level 2.4 Throwing
 + Level 2.1 Dodging
 + Level 5.2 Stealth


You had 2 spell levels left.
You didn't know any spells.
Your spell library was empty.

Dungeon Overview and Level Annotations

Branches:
Dungeon (2/15)

Altars:


Innate Abilities, Weirdness & Mutations

You possess an exceptional clarity of mind.
Your flesh is cold resistant. (rC+)


Message History

You feel sick. The adder barely misses you.
That item cannot be evoked!
Unknown command.
Wield which item (- for none, * to show all)? (? for menu, Esc to quit)
a - a +2 dagger (weapon)
You kill the adder!
You have reached level 3!
Your experience leads to an increase in your attributes!
Increase (S)trength, (I)ntelligence, or (D)exterity?
You feel stronger.
There is a lethal amount of poison in your body!
It was a potion of mutation.
You feel extremely strange.
Your thoughts seem clearer.
You feel resistant to cold.
You aren't carrying any potions.
Unknown command.
Okay, then.
As you read the scroll labeled IPSOZY DITORPHA, it crumbles to dust.
You assume a fearsome visage.
Nothing appears to happen.
It was a scroll of fear.
You die...

#.......###...##.#... ##.###.##
#...##..#.. #.###.####...####...
#.##....>...........
######.##..#####..#####.#
#.>..(#.....## #(.# #.#
#.####.#.#.#.###..# #.#
#......(..........# #.#
#..###.#@#.#.###..# #.# #..#
#.##...## #..# #)#
#..###.###.#####..#####.#
#########..##.........[......##.#
................##.####......##.#
##########.##...##..# #.......#.#
#..##.####.# #.........# ##.##.#
#.# #.......### #.##.# #.#
###....##


There were no monsters in sight!

Vanquished Creatures
  An adder (D:1)
  2 leopard geckos (D:1)
  6 bats (D:1)
  2 giant cockroaches (D:1)
  A hobgoblin (D:1)
  3 jackals (D:1)
  A kobold (D:1)
  A frilled lizard (D:1)
  2 goblins (D:1)
  A rat (D:1)
20 creatures vanquished.

Notes
Turn   | Place    | Note
-------+----------+-------------------------------------------
     0 | D:1      | Lilu the Deep Elf Assassin began the quest for the Orb.
     0 | D:1      | Reached XP level 1. HP: 12/12 MP: 3/3
   259 | D:1      | Reached skill level 5 in Stealth
   265 | D:1      | Reached XP level 2. HP: 16/16 MP: 4/4
  1338 | D:1      | Reached XP level 3. HP: 1/20 MP: 5/5
  1339 | D:1      | Gained mutation: You possess an exceptional clarity of
                  | mind. [potion of mutation]
  1339 | D:1      | Gained mutation: Your flesh is cold resistant. (rC+)
                  | [potion of mutation]
  1340 | D:1      | Succumbed to an adder's poison

Skill      XL: |  1  2 |
---------------+-------+-----
Stealth        | 5 |  5.2
Dodging        | 2 |  2.1
Fighting       | |  1.5
Short Blades   | |  2.4
Throwing       | |  2.4

Action                   || total
-------------------------++-------
Melee: Dagger            ||    32
       Short sword       ||    52
 Fire: Blowgun           ||    16
  Use: Scroll            ||     1
       Potion            ||     1
 Stab: Sleeping          ||     5
  Eat: Chunk             ||     1
Armor: Robe              ||    28
Dodge: Dodged            ||    71
